[ PARTIDA AOE2 · #482541095 ]
1v1 RMBizantinos vs Mongols
Equipo del jugador · DERR
Equipo rival · VICT
[ ANÁLISIS DE REPETICIÓN · EXTRAÍDO DE LA PARTIDA GRABADA ]
Feudal
11:05
Castillos
19:59
Imperial
—
| APM promedio | 31.2 |
| APM pico | 68 |
| eAPM promedio | 16.9 |
| Aldeanos / militares | 31 / 26 |
Foco
⚔️ 20.4% · 🌾 79.6%
Knight ×10 · Spearman ×8 · Skirmisher ×8
Feudal
8:26
Castillos
20:24
Imperial
—
| APM promedio | 49.6 |
| APM pico | 77 |
| eAPM promedio | 19.4 |
| Aldeanos / militares | 67 / 36 |
Foco
⚔️ 26.4% · 🌾 73.6%
Cavalry Archer ×20 · Archer ×7 · Scout Cavalry ×5 · Battering Ram ×3 · Mangonel ×1
Mapa de la partida
Recursos iniciales + cada clic de construcción. Líneas = muros · curvas = relieve. ◆ oro · ⬟ piedra · ● bayas · ✦ reliquia · ◌ hueco del cierre
Tu base· Abierta — flanco sin cerrar
Base de 川芎· Abierta — flanco sin cerrar
Terreno inicial suavizado · ◌ = hueco del cierre detectado · pasá el cursor para detalles
Inputs por minuto
— danjo - - 川芎
Build order — danjo
92 acciones detectadas en el replay
| 0:02 | Construir | House |
| 0:05 | Construir | House |
| 0:06 | Crear | Villager (Male) |
| 0:06 | Crear | Villager (Male) |
| 0:11 | Crear | Villager (Male) |
| 0:12 | Crear | Villager (Male) |
| 1:33 | Crear | Villager (Male) |
| 1:53 | Construir | Lumber Camp |
| 1:54 | Crear | Villager (Male) |
| 2:36 | Crear | Villager (Male) |
| 2:57 | Crear | Villager (Male) |
| 3:05 | Crear | Villager (Male) |
| 3:47 | Crear | Villager (Male) |
| 3:50 | Construir | House |
| 4:19 | Crear | Villager (Male) |
| 4:50 | Crear | Villager (Male) |
| 5:16 | Crear | Villager (Male) |
| 5:37 | Crear | Villager (Male) |
| 5:54 | Construir | House |
| 6:04 | Crear | Villager (Male) |
| 6:26 | Crear | Villager (Male) |
| 6:26 | Crear | Villager (Male) |
| 7:10 | Crear | Villager (Male) |
| 7:11 | Crear | Villager (Male) |
| 7:51 | Construir | Mining Camp |
| 8:10 | Crear | Villager (Male) |
| 8:49 | Construir | Mill |
| 8:55 | Investigar | Feudal Age |
| 9:07 | Construir | Barracks |
| 9:28 | Construir | House |
| 10:23 | Construir | Mill |
| 11:05 | Edad | Edad Feudal |
| 11:06 | Crear | Spearman |
| 11:18 | Investigar | Loom |
| 11:52 | Construir | Mill |
| 12:06 | Crear | Spearman |
| 12:51 | Construir | Stable |
| 13:14 | Crear | Spearman |
| 13:15 | Crear | Spearman |
| 13:28 | Crear | Villager (Male) |
| 13:54 | Construir | Blacksmith |
| 15:45 | Construir | Farm |
| 15:49 | Construir | Farm |
| 15:51 | Construir | Farm |
| 15:53 | Construir | Farm |
| 16:29 | Construir | Farm |
| 16:49 | Construir | Farm |
| 17:19 | Investigar | Castle Age |
| 18:05 | Construir | House |
| 18:37 | Construir | Farm |
| 18:43 | Construir | Farm |
| 18:48 | Investigar | Fletching |
| 19:19 | Construir | Farm |
| 19:21 | Construir | Farm |
| 19:53 | Construir | House |
| 19:59 | Edad | Edad de los Castillos |
| 20:03 | Crear | Knight |
| 20:09 | Crear | Spearman |
| 20:10 | Crear | Spearman |
| 20:49 | Construir | Town Center |
| 21:21 | Construir | Farm |
| 21:58 | Crear | Villager (Male) |
| 21:59 | Crear | Villager (Male) |
| 22:25 | Crear | Villager (Male) |
| 22:26 | Crear | Villager (Male) |
| 22:51 | Construir | Archery Range |
| 22:55 | Crear | Knight |
| 22:59 | Crear | Villager (Male) ×4 |
| 23:20 | Crear | Skirmisher |
| 23:21 | Crear | Skirmisher |
| 23:42 | Crear | Spearman |
| 23:42 | Crear | Spearman |
| 23:46 | Crear | Skirmisher |
| 23:58 | Crear | Knight |
| 24:43 | Crear | Knight |
| 24:43 | Crear | Knight |
| 24:48 | Crear | Skirmisher |
| 24:48 | Crear | Skirmisher |
| 25:02 | Crear | Skirmisher |
| 25:02 | Crear | Skirmisher |
| 25:10 | Crear | Villager (Male) |
| 25:14 | Construir | Farm |
| 25:18 | Construir | House |
| 25:42 | Crear | Knight |
| 25:42 | Crear | Knight |
| 25:54 | Crear | Knight |
| 25:59 | Crear | Villager (Male) |
| 26:04 | Crear | Skirmisher |
| 26:17 | Construir | House |
| 26:54 | Construir | House |
| 27:18 | Crear | Knight |
| 27:18 | Crear | Knight |
Build order — 川芎
Primeras 150 de 165 acciones detectadas
| 0:01 | Crear | Villager (Male) |
| 0:01 | Crear | Villager (Male) |
| 0:02 | Construir | House |
| 0:06 | Construir | House |
| 0:27 | Crear | Villager (Male) |
| 0:35 | Crear | Villager (Male) |
| 0:35 | Crear | Villager (Male) |
| 1:27 | Crear | Villager (Male) |
| 1:27 | Crear | Villager (Male) |
| 1:48 | Construir | House |
| 1:57 | Crear | Villager (Male) |
| 1:57 | Crear | Villager (Male) |
| 2:28 | Crear | Villager (Male) |
| 2:37 | Construir | Lumber Camp |
| 2:43 | Crear | Villager (Male) |
| 2:43 | Crear | Villager (Male) |
| 3:20 | Crear | Villager (Male) |
| 3:20 | Crear | Villager (Male) |
| 3:20 | Crear | Villager (Male) |
| 3:21 | Crear | Villager (Male) |
| 4:17 | Construir | House |
| 4:35 | Crear | Villager (Male) |
| 5:12 | Crear | Villager (Male) |
| 5:20 | Investigar | Loom |
| 5:39 | Construir | Mill |
| 5:46 | Crear | Villager (Male) |
| 6:07 | Investigar | Feudal Age |
| 7:32 | Construir | Barracks |
| 7:57 | Crear | Villager (Male) |
| 8:14 | Crear | Villager (Male) |
| 8:26 | Edad | Edad Feudal |
| 8:30 | Construir | Stable |
| 8:56 | Construir | House |
| 9:00 | Investigar | Double-Bit Axe |
| 9:10 | Crear | Scout Cavalry |
| 9:17 | Crear | Villager (Male) |
| 9:26 | Investigar | Wheelbarrow |
| 9:34 | Construir | House |
| 9:37 | Crear | Scout Cavalry |
| 9:45 | Crear | Villager (Male) |
| 10:02 | Construir | Mining Camp |
| 10:10 | Construir | House |
| 10:14 | Crear | Scout Cavalry |
| 10:36 | Crear | Villager (Male) |
| 11:04 | Construir | Archery Range |
| 11:07 | Crear | Villager (Male) |
| 11:08 | Construir | Farm |
| 11:09 | Construir | Farm |
| 11:33 | Crear | Villager (Male) |
| 11:35 | Construir | Farm |
| 11:57 | Crear | Villager (Male) |
| 11:59 | Construir | Farm |
| 12:04 | Construir | Farm |
| 12:04 | Crear | Scout Cavalry |
| 12:37 | Construir | Blacksmith |
| 12:44 | Crear | Archer |
| 12:45 | Crear | Villager (Male) |
| 12:54 | Crear | Villager (Male) |
| 13:03 | Crear | Archer |
| 13:22 | Construir | Farm |
| 13:28 | Crear | Archer |
| 13:33 | Crear | Scout Cavalry |
| 13:36 | Construir | House |
| 13:40 | Crear | Villager (Male) |
| 13:46 | Construir | Farm |
| 14:13 | Crear | Archer |
| 14:24 | Crear | Villager (Male) |
| 14:27 | Construir | Farm |
| 14:31 | Crear | Archer |
| 14:50 | Crear | Villager (Male) |
| 14:59 | Crear | Villager (Male) |
| 15:01 | Construir | Farm |
| 15:13 | Crear | Archer |
| 15:18 | Construir | House |
| 15:19 | Construir | House |
| 15:36 | Investigar | Fletching |
| 15:42 | Crear | Villager (Male) |
| 15:44 | Construir | Farm |
| 15:47 | Crear | Archer |
| 16:21 | Crear | Villager (Male) |
| 16:30 | Construir | Farm |
| 16:31 | Construir | House |
| 16:49 | Crear | Villager (Male) |
| 16:51 | Construir | Farm |
| 17:17 | Crear | Villager (Male) |
| 17:20 | Construir | Archery Range |
| 17:44 | Investigar | Castle Age |
| 17:44 | Investigar | Castle Age |
| 17:53 | Construir | Mill |
| 18:33 | Construir | House |
| 19:00 | Construir | House |
| 19:23 | Investigar | Bloodlines |
| 19:51 | Construir | House |
| 20:24 | Edad | Edad de los Castillos |
| 20:25 | Construir | Siege Workshop |
| 20:26 | Crear | Cavalry Archer |
| 20:26 | Crear | Cavalry Archer |
| 20:28 | Investigar | Bodkin Arrow |
| 20:28 | Crear | Villager (Male) |
| 20:42 | Crear | Villager (Male) |
| 20:58 | Crear | Villager (Male) |
| 21:03 | Crear | Cavalry Archer |
| 21:03 | Crear | Cavalry Archer |
| 21:08 | Crear | Villager (Male) |
| 21:36 | Crear | Villager (Male) |
| 21:40 | Crear | Cavalry Archer |
| 21:42 | Crear | Villager (Male) |
| 21:47 | Construir | Town Center |
| 21:55 | Construir | House |
| 22:00 | Investigar | Husbandry |
| 22:00 | Investigar | Husbandry |
| 22:00 | Investigar | Husbandry |
| 22:01 | Investigar | Padded Archer Armor |
| 22:02 | Investigar | Padded Archer Armor |
| 22:03 | Crear | Villager (Male) |
| 22:15 | Investigar | Gold Mining |
| 22:20 | Investigar | Horse Collar |
| 22:38 | Crear | Villager (Male) |
| 22:40 | Investigar | Bow Saw |
| 22:42 | Crear | Villager (Male) |
| 23:01 | Crear | Cavalry Archer |
| 23:01 | Crear | Cavalry Archer |
| 23:04 | Construir | House |
| 23:06 | Crear | Villager (Male) |
| 23:10 | Crear | Villager (Male) |
| 23:16 | Construir | Lumber Camp |
| 23:26 | Crear | Villager (Male) |
| 23:32 | Crear | Villager (Male) |
| 23:41 | Crear | Villager (Male) |
| 24:03 | Construir | Lumber Camp |
| 24:06 | Crear | Villager (Male) |
| 24:11 | Crear | Cavalry Archer |
| 24:11 | Crear | Cavalry Archer |
| 24:35 | Crear | Villager (Male) |
| 24:36 | Crear | Villager (Male) |
| 24:36 | Crear | Villager (Male) |
| 24:47 | Crear | Cavalry Archer |
| 24:53 | Crear | Battering Ram |
| 24:59 | Crear | Cavalry Archer |
| 24:59 | Crear | Cavalry Archer |
| 25:08 | Crear | Villager (Male) |
| 25:08 | Crear | Villager (Male) |
| 25:14 | Crear | Cavalry Archer |
| 25:15 | Crear | Cavalry Archer |
| 25:18 | Construir | Outpost |
| 25:19 | Crear | Villager (Male) |
| 25:27 | Crear | Villager (Male) |
| 25:44 | Crear | Villager (Male) |
| 25:49 | Crear | Cavalry Archer |
| 25:52 | Crear | Villager (Male) |
Cronología de la partida
| 7:32 | 川芎 · first_building Barracks |
| 8:26 | 川芎 · age_up feudal |
| 8:30 | 川芎 · first_building Stable |
| 9:07 | danjo · first_building Barracks |
| 11:04 | 川芎 · first_building Archery Range |
| 11:05 | danjo · age_up feudal |
| 12:51 | danjo · first_building Stable |
| 19:59 | danjo · age_up castle |
| 20:24 | 川芎 · age_up castle |
| 20:25 | 川芎 · first_building Siege Workshop |
| 22:51 | danjo · first_building Archery Range |
| 27:45 | danjo · resign |
[ ANÁLISIS IA · 1 CRÉDITO ]
¿Qué pasó realmente en esta partida?
Wolo.gg analiza cada decisión: build order, eco, micro, errores típicos por bracket. Análisis personalizado por WhatsApp o Discord en 30 segundos.
Guía civ
Bizantinos
Guía mapa
MegaRandom
Perfil
danjo